 Dungeon Crawl Stone Soup version 0.18-a0-19-g8b99b3a (webtiles) character file.

924 glosham the Martial Artist (level 7, -2/57 HPs)
             Began as a Demigod Monk on Nov 1, 2015.
             Slain by a killer bee (4 damage)
             ... on level 8 of the Dungeon.
             The game lasted 01:20:40 (4616 turns).

glosham the Martial Artist (Demigod Monk)           Turns: 4616, Time: 01:20:40

Health: -2/57      AC:  5    Str: 14    XL:     7   Next: 54%
Magic:  9/9        EV: 14    Int: 18    God:
Gold:   10         SH:  0    Dex: 22    Spells: 0 memorised, 6 levels left

rFire  + . .     SeeInvis .       - Unarmed
rCold  . . .     Clarity  .     X - +0 robe {rN+}
rNeg   + . .     SustAt   +     (no shield)
rPois  .         Gourm    .     U - +0 helmet
rElec  .         Spirit   .     (no cloak)
rCorr  .         Warding  .     V - +0 pair of gloves
rMut   .         Stasis   .     W - +0 pair of boots
MR     .....                    (no amulet)
Stlth  ++........               B - ring of Undoing {rF+ Int+4}
                                A - ring of invisibility

@: lethally poisoned (-2 -> -4), very slightly contaminated, not resistant to
hostile enchantments, unstealthy
A: high mp 1, sustain attributes
a: Evoke Invisibility


You were on level 8 of the Dungeon.
You were not hungry.

You visited 1 branch of the dungeon, and saw 6 of its levels.
You also visited: Sewer.

You collected 10 gold pieces.

Inventory:

Hand Weapons
 c - a +0 blowgun
 d - a +0 dagger of venom
 q - a +0 war axe of flaming
 G - a +0 hunting sling
Missiles
 b - 6 curare-tipped needles
 k - 9 poisoned arrows
 o - 29 sling bullets
 p - 4 tomahawks of returning
 y - 4 javelins (quivered)
 I - 13 poisoned needles
Armour
 U - a +0 helmet (worn)
 V - a +0 pair of gloves (worn)
 W - a +0 pair of boots (worn)
 X - a +0 robe of positive energy (worn)
Jewellery
 z - an uncursed amulet of warding {unknown}
 A - a ring of invisibility (left hand)
 B - the ring of Undoing (right hand) {rF+ Int+4}
   (You found it on level 4 of the Dungeon)

   [ring of intelligence]

   It affects your intelligence (+4).
   It protects you from fire.
 C - an uncursed ring of ice
 F - an uncursed ring of flight
Scrolls
 f - 2 scrolls of fear
 i - a scroll of amnesia
 r - 3 scrolls of teleportation
 t - a scroll of magic mapping
 v - a scroll of immolation
 K - a scroll of silence {unknown}
Potions
 h - a potion of heal wounds
 j - a potion of ambrosia
 l - 3 potions of poison
 D - a potion of cancellation
 H - a potion of cure mutation {unknown}
Comestibles
 a - 4 bread rations
 g - a meat ration
 m - a royal jelly
 n - 6 fruits
 s - 2 beef jerkies
 E - a slice of pizza
 J - 2 chunks of flesh


   Skills:
 + Level 3.4 Fighting
 + Level 3.3 Dodging
 - Level 1.7 Stealth
 * Level 8.6 Unarmed Combat


You had 6 spell levels left.
You didn't know any spells.

Dungeon Overview and Level Annotations

Branches:
Dungeon (8/15)
 Temple: D:4-7         Lair: D:8-11

Annotations:
D:8 Maurice


Innate Abilities, Weirdness & Mutations

You have an increased reservoir of magic (+10% MP).
Your attributes are resistant to harm.


Message History

The killer bee stings you.
* * * LOW HITPOINT WARNING * * *
You punch the killer bee!
The killer bee is heavily wounded.
You feel sick. The killer bee stings you.
* * * LOW HITPOINT WARNING * * *
You are lethally poisoned!
The killer bee poisons you! The killer bee stings you.
* * * LOW HITPOINT WARNING * * *
A killer bee comes into view.
Drink which item? (? for menu, Esc to quit)
You feel better. The killer bee completely misses you.
The killer bee stings you but does no damage.
A killer bee comes into view.
The killer bee buzzes angrily.
The killer bee stings you!
* * * LOW HITPOINT WARNING * * *
You are lethally poisoned!
The killer bee poisons you!
The killer bee buzzes angrily.
You hit the killer bee.
The killer bee is heavily wounded.
* * * LOW HITPOINT WARNING * * *
You feel sick.
The killer bee stings you but does no damage.
Some of the chunks of flesh in your inventory have rotted away.
A killer bee comes into view.
You miss the killer bee.
The killer bee is heavily wounded.
The killer bee buzzes angrily.
The killer bee stings you but does no damage.
The killer bee closely misses you.
A killer bee comes into view.
Unknown command.
The killer bee buzzes angrily.
You hit the killer bee but do no damage.
The killer bee is heavily wounded.
* * * LOW HITPOINT WARNING * * *
You feel sick. The killer bee stings you.
You die...

....# #.#.# ##.##
#.#.# #.# #...#######
#.# #..........
#.############..####..
#...............#
##.############..#
#...(.....# ##y#
#..(......# #@#
#..†......# #y#
#)........# #y#
)(.######## #y# ####
#......y..y#
#............#
#..........y##
#.....y.......
#.....?.......y


You could see 6 killer bees.

Vanquished Creatures
  A phantom (D:4)
  A crocodile (Sewer)
  A big kobold (D:8)
  A giant frog (D:8)
  4 wights (D:5)
  An orc priest (D:4)
  2 orc wizards (D:8)
  Terence (D:2)
  4 worker ants
  2 hound skeletons
  Robin (D:2)
  8 adders
  3 gnolls (D:4)
  A shadow imp (D:5)
  3 worms
  4 giant geckos
  13 orcs
  A ball python (D:4)
  6 giant cockroaches
  12 hobgoblins
  2 jackals (Sewer)
  4 quokkas
  8 bats
  4 giant newts
  22 goblins
  16 kobolds
  7 rats
133 creatures vanquished.

Vanquished Creatures (others)
  A kobold (D:8)
1 creature vanquished.

Grand Total: 134 creatures vanquished

Notes
Turn   | Place    | Note
--------------------------------------------------------------
     0 | D:1      | glosham the Demigod Monk began the quest for the Orb.
     0 | D:1      | Reached XP level 1. HP: 18/18 MP: 3/3
    88 | D:1      | Reached skill level 4 in Unarmed Combat
   195 | D:1      | Reached XP level 2. HP: 23/25 MP: 4/4
   483 | D:1      | Found a sparkling altar of Nemelex Xobeh.
   700 | D:2      | Reached XP level 3. HP: 14/30 MP: 5/5
   754 | D:2      | Noticed Robin
  1007 | D:2      | Killed Robin
  1016 | D:1      | Reached skill level 5 in Unarmed Combat
  1141 | D:2      | HP: 3/30 [goblin/club (4)]
  1142 | D:2      | HP: 1/30 [goblin/club (2)]
  1352 | D:2      | Reached XP level 4. HP: 17/37 MP: 6/6
  1439 | D:2      | Noticed Terence
  1535 | D:2      | Killed Terence
  2371 | D:3      | Reached skill level 6 in Unarmed Combat
  2371 | D:3      | Reached XP level 5. HP: 36/42 MP: 7/7
  3129 | D:4      | Got a smoking iron ring
  3134 | D:4      | Identified the ring of Undoing {rF+ Int+4} (You found it on level 4 of the Dungeon)
  3405 | D:4      | Noticed a phantom
  3406 | D:4      | Upgraded the game from 0.18-a0-5-gf1fb587 to 0.18-a0-19-g8b99b3a
  3448 | D:4      | HP: 3/42 [phantom (7)]
  3461 | D:4      | HP: 1/42 [phantom (8)]
  3467 | D:4      | Killed a phantom
  3467 | D:4      | Reached skill level 7 in Unarmed Combat
  3467 | D:4      | Reached XP level 6. HP: 11/50 MP: 8/8
  3786 | D:5      | Entered Level 5 of the Dungeon
  3949 | D:5      | Reached skill level 8 in Unarmed Combat
  4065 | D:5      | Reached XP level 7. HP: 56/56 MP: 9/9
  4099 | D:5      | Found a glowing drain.
  4103 | Sewer    | Entered a sewer
  4282 | D:5      | You fall through a shaft for 3 floors!
  4286 | D:8      | Found an iron altar of Okawaru.
  4303 | D:8      | Reached skill level 3 in Fighting
  4303 | D:8      | Reached skill level 3 in Dodging
  4476 | D:8      | Noticed Maurice
  4526 | D:8      | HP: 4/57 [asphyx]
  4544 | D:8      | HP: 5/57 [asphyx]
  4611 | D:8      | HP: 2/57 [killer bee (6)]
  4616 | D:8      | HP: 2/57 [poisoned by a killer bee]
  4616 | D:8      | Slain by a killer bee

Vault maps used:
D:1:      shiori_arrival_elements, nemelex_altar_shiori
D:2:      first_bread, uniq_robin, uniq_terence
D:5:      fedhas_bush_and_centaur_altar, serial_shops, shop,
          gup_sewer_entry_bowl, minmay_misc_feat_square
D:8:      cheibrodos_stairvault_heist, lemuel_doored_altar, david_nohive_1,
          uniq_prince_ribbit1, uniq_gastronok, uniq_maurice
Sewer:    sewer_the_crocodile

Action                   |  1- 3 |  4- 6 |  7- 9 || total
-------------------------+-------+-------+-------++-------
Melee: Unarmed           |   142 |   250 |    85 ||   477
       Dagger            |    12 |     5 |    15 ||    32
 Fire: Blowgun           |       |       |     5 ||     5
Throw: Javelin           |       |     4 |       ||     4
 Abil: Evoke Invisibilit |       |     3 |     1 ||     4
       Turn Visible      |       |     2 |       ||     2
  Use: Scroll            |    10 |     3 |       ||    13
       Potion            |     2 |     3 |     6 ||    11
 Stab: Sleeping          |     7 |     7 |     1 ||    15
       Invisible         |       |     6 |     1 ||     7
  Eat: Chunk             |     1 |    11 |     2 ||    14

Table legend:
 A = Turns spent in this place as a percentage of turns spent in the entire game.
 B = Non-inter-level travel turns spent in this place as a percentage of non-inter-level travel turns spent in the entire game.
 C = Inter-level travel turns spent in this place as a percentage of turns spent in this place.
 D = Turns resting spent in this place as a percentage of non-inter-level travel turns spent in this place.
 E = Turns spent auto-exploring this place as a percentage of non-inter-level travel turns spent in this place.
 F = Non-inter-level travel turns spent in this place divided by the number of levels of this place that you've seen.
                   A       B       C       D       E      F
               +-------+-------+-------+-------+-------+----------------------
         Total | 100.0 | 100.0 |   0.5 |   0.7 |   0.5 | 442.4
       Dungeon |  95.7 |  95.7 |   0.5 |   0.7 |   0.6 | 494.0
         Sewer |   4.3 |   4.3 |   0.0 |   0.0 |   0.0 | 133.0
               +-------+-------+-------+-------+-------+----------------------

Table legend:
 A = Kills in this place as a percentage of kills in entire the game.
 B = Kills by you in this place as a percentage of kills by you in the entire game.
 C = Kills by friends in this place as a percentage of kills by friends in the entire game.
 D = Other kills in this place as a percentage of other kills in the entire game.
 E = Experience gained in this place as a percentage of experience gained in the entire game.
 F = Experience gained in this place divided by the number of levels of this place that you have seen.
                   A       B       C       D       E      F
               +-------+-------+-------+-------+-------+----------------------
         Total | 100.0 | 100.0 |  -nan |  -nan | 100.0 | 188.7
       Dungeon |  95.5 |  95.5 |  -nan |  -nan |  91.4 | 201.3
         Sewer |   4.5 |   4.5 |  -nan |  -nan |   8.6 | 113.0
               +-------+-------+-------+-------+-------+----------------------

Vault maps used:
D:1:      shiori_arrival_elements, nemelex_altar_shiori
D:2:      first_bread, uniq_robin, uniq_terence
D:5:      fedhas_bush_and_centaur_altar, serial_shops, shop,
          gup_sewer_entry_bowl, minmay_misc_feat_square
D:8:      cheibrodos_stairvault_heist, lemuel_doored_altar, david_nohive_1,
          uniq_prince_ribbit1, uniq_gastronok, uniq_maurice
Sewer:    sewer_the_crocodile
